 Dungeon Crawl Stone Soup version 0.22.1-1-ga44c0e5 (webtiles) character file.

477 dvd the Bolt Thrower (level 7, 0/41 HPs)
             Began as a Kobold Hunter on Sept 27, 2018.
             Was a Follower of Okawaru.
             Killed from afar by an orc wizard (4 damage)
             ... with a magic dart
             ... on level 4 of the Dungeon.
             The game lasted 00:10:05 (3565 turns).

dvd the Bolt Thrower (Kobold Hunter)                Turns: 3565, Time: 00:10:05

Health: 0/41       AC:  8    Str: 11    XL:     7   Next: 33%
Magic:  5/7        EV: 15    Int: 13    God:    Okawaru [*.....]
Gold:   120        SH:  0    Dex: 15    Spells: 6/6 levels left

rFire    . . .     SeeInvis .   b - +0 short sword
rCold    + . .     Gourm    .   (shield restricted)
rNeg     . . .     Faith    .   c - +0 leather armour
rPois    .         Spirit   .   (no helmet)
rElec    .         Reflect  .   (no cloak)
rCorr    .         Harm     .   (no gloves)
MR       .....                  t - +1 pair of boots
Stlth    ++........             (no amulet)
HPRegen  0.13/turn              i - ring of protection from cold
MPRegen  0.10/turn              o - +3 ring of protection

@: flying
A: small, carnivore
a: Heroism, Renounce Religion


You were on level 4 of the Dungeon.
You worshipped Okawaru.
Okawaru was aware of your devotion.
You were very full.

You visited 1 branch of the dungeon, and saw 4 of its levels.

You collected 120 gold pieces.

Inventory:

Hand Weapons
 a - a +1 hand crossbow
 b - a +0 short sword (weapon)
 n - a +1 whip of freezing
Missiles
 u - 7 tomahawks (quivered)
 y - 18 bolts
Armour
 c - a +0 leather armour (worn)
 k - a +0 scale mail
 t - a +1 pair of boots (worn)
Jewellery
 i - a ring of protection from cold (left hand)
 o - a +3 ring of protection (right hand)
Wands
 r - a wand of enslavement (9)
 v - a wand of iceblast (10)
Scrolls
 d - a scroll of enchant armour {unknown}
 e - a scroll of fear {unknown}
 j - 3 scrolls of blinking
 l - 2 scrolls of teleportation
 p - 2 scrolls of remove curse
 q - a scroll of enchant weapon {unknown}
 B - a scroll of fog {unknown}
Potions
 g - a potion of lignification {unknown}
 h - a potion of flight
 m - a potion of haste {unknown}
 s - a potion of ambrosia {unknown}
 w - a potion of berserk rage {unknown}
 x - a potion of agility {unknown}
 z - a potion of heal wounds {unknown}
Comestibles
 f - 8 rations


   Skills:
 + Level 3.2 Fighting
 + Level 3.6 Short Blades
 + Level 7.5 Crossbows
 + Level 0.3 Throwing
 + Level 2.0 Armour
 + Level 3.4 Dodging
 + Level 2.5 Stealth


You had 6 spell levels left.
You didn't know any spells.
Your spell library was empty.

Dungeon Overview and Level Annotations

Branches:
Dungeon (4/15)
 Temple: D:4-7

Altars:
Okawaru
Qazlal
Xom


Innate Abilities, Weirdness & Mutations

You are small and have problems with some larger weapons.
You are carnivorous and can eat meat at any time.


Message History

The orc wizard hits you but does no damage.
The orc misses you.
The orc wizard hits you but does no damage.
The orc priest calls down the wrath of Beogh upon you.
Beogh smites you!
* * * LOW HITPOINT WARNING * * *
You feel like a meek peon again.
The orc wizard points at you and mumbles some strange words.
The magic dart hits you!
The orc wizard mumbles some strange words.
The orc wizard blinks!
The orc wizard casts a spell at you. The magic dart hits you!
* * * LOW HITPOINT WARNING * * *
It was a potion of flight.
You feel very buoyant.
You fly up into the air.
The orc wizard gestures at you while chanting.
The magic dart hits you!
You die...

.o# #... .#
#.####.####.#
#(##........#
#(o.)oo.....#
####.#ยง##...#
#o#......# #.#
#.#......# #.#
######.##o##.#####
#.#
#......@.).......#
#.#
#.....##.........#
#.#
#.....##.........#
#.#
#.....##.........#
#.#
#.....##.........#
#####.#
###.####.........#
#.....#####.#
#.........#
##.##........#
#...#######
.........<.###


You could see an orc wizard and an orc.

Vanquished Creatures
  An ogre (D:4)
  A scorpion (D:4)
  An orc priest (D:4)
  3 orc wizards (D:3)
  2 worker ants (D:4)
  A hound skeleton (D:4)
  4 gnolls (D:2)
  5 adders
  A howler monkey skeleton (D:4)
  An ooze (D:4)
  2 worms (D:2)
  A dart slug (D:1)
  2 leopard geckos
  5 orcs
  4 giant cockroaches
  7 goblins
  6 hobgoblins
  5 jackals
  3 kobolds
  2 quokkas
  7 bats
  2 frilled lizards
  A quokka skeleton (D:4)
  3 rats (D:2)
70 creatures vanquished.

Notes
Turn   | Place    | Note
-------+----------+-------------------------------------------
     0 | D:1      | dvd the Kobold Hunter began the quest for the Orb.
     0 | D:1      | Reached XP level 1. HP: 12/12 MP: 1/1
   103 | D:1      | Reached skill level 5 in Crossbows
   157 | D:1      | Reached XP level 2. HP: 17/17 MP: 2/2
   695 | D:2      | Found an iron altar of Okawaru.
   700 | D:2      | Reached XP level 3. HP: 21/21 MP: 3/3
   709 | D:2      | Reached skill level 6 in Crossbows
   721 | D:2      | Became a worshipper of Warmaster Okawaru
   841 | D:2      | Reached XP level 4. HP: 7/26 MP: 4/4
  1118 | D:2      | Reached skill level 1 in Short Blades
  1195 | D:2      | Reached XP level 5. HP: 31/31 MP: 5/5
  1212 | D:2      | Found a stormy altar of Qazlal.
  1771 | D:3      | Reached skill level 1 in Armour
  2322 | D:3      | Reached XP level 6. HP: 19/36 MP: 6/6
  2332 | D:3      | Reached * piety under Okawaru
  2401 | D:3      | Reached skill level 7 in Crossbows
  2842 | D:4      | Found a shimmering altar of Xom.
  3480 | D:4      | Noticed an ogre
  3492 | D:4      | Killed an ogre
  3492 | D:4      | Reached XP level 7. HP: 41/41 MP: 4/7
  3565 | D:4      | Killed from afar by an orc wizard

Skill      XL: |  1  2  3  4  5  6  7 |
---------------+----------------------+-----
Crossbows      | 5 6 7 |  7.5
Short Blades   | 1 2 3 |  3.6
Armour         | 1 2 |  2.0
Stealth        | 2 |  2.5
Dodging        | 3 |  3.4
Fighting       | 3 |  3.2
Throwing       | |  0.3

Action                   |  1- 3 |  4- 6 |  7- 9 || total
-------------------------+-------+-------+-------++-------
Melee: Short sword       |    14 |    85 |    20 ||   119
       Punch             |       |       |     1 ||     1
 Fire: Hand crossbow     |    42 |    73 |     8 ||   123
Throw: Tomahawk          |       |     3 |       ||     3
Invok: Heroism           |       |     1 |     2 ||     3
Evoke: Wand              |       |     1 |       ||     1
  Use: Scroll            |       |     6 |       ||     6
       Potion            |       |       |     1 ||     1
  Eat: Chunk             |     8 |     8 |       ||    16
Armor: Leather armour    |    11 |    16 |     6 ||    33
       Scale mail        |       |     5 |       ||     5
Dodge: Dodged            |    27 |    73 |    20 ||   120
